 Dungeon Crawl Stone Soup version 0.19.4-8-ga85b6b9 (webtiles) character file.

534 Jynx the Slasher (level 7, -3/62 HPs)
             Began as a Minotaur Fighter on Feb 8, 2017.
             Slain by a hornet (13 damage)
             ... on level 4 of the Dungeon.
             The game lasted 00:06:13 (3082 turns).

Jynx the Slasher (Minotaur Fighter)                 Turns: 3082, Time: 00:06:14

Health: -3/62      AC:  9    Str: 21    XL:     7   Next: 4%
Magic:  6/6        EV:  9    Int:  5    God:
Gold:   209        SH:  0    Dex: 11    Spells: 0 memorised, 6 levels left

rFire  . . .     SeeInvis .     a - +0 long sword
rCold  . . .     Gourm    .     b - +0 scale mail
rNeg   . . .     Faith    .     (no shield)
rPois  .         Spirit   .     (helmet restricted)
rElec  .         Reflect  .     (no cloak)
rCorr  .         Harm     .     p - +1 pair of gloves
MR     .....                    (no boots)
Stlth  ..........               (no amulet)
                                (no ring)
                                (no ring)

@: lethally poisoned (-3 -> -5), very slightly contaminated, hasted and slowed
A: retaliatory headbutt, horns 2
a: no special abilities


You were on level 4 of the Dungeon.
You were not hungry.

You visited 1 branch of the dungeon, and saw 5 of its levels.

You collected 209 gold pieces.

Inventory:

Hand Weapons
 a - a +0 long sword (weapon)
Armour
 b - a +0 scale mail (worn)
 c - a +0 shield
 p - a +1 pair of gloves (worn)
Wands
 i - a wand of confusion (48/48)
 j - a wand of slowing (28/48)
Scrolls
 g - a scroll of amnesia {unknown}
 h - a scroll of remove curse
 r - a scroll of identify
 t - 3 scrolls of magic mapping
Potions
 d - 3 potions of might
 e - 4 potions of curing
 m - a potion of invisibility {unknown}
 n - a potion of heal wounds {unknown}
 s - a potion of berserk rage {unknown}
Comestibles
 f - 7 bread rations
 l - 5 meat rations
 o - a royal jelly
 q - a chunk of flesh


   Skills:
 + Level 5.7 Fighting
 * Level 6.9 Long Blades
 + Level 5.6 Armour
 - Level 3.6 Shields


You had 6 spell levels left.
You didn't know any spells.

Dungeon Overview and Level Annotations

Branches:
Dungeon (5/15)
 Temple: D:4-7

Altars:
Elyvilon
Yredelemnul

Annotations:
D:4 Pikel


Innate Abilities, Weirdness & Mutations

You reflexively headbutt those who attack you in melee.
You have a pair of horns on your head.


Message History

You feel better. The hornet stings you.
* * * LOW HITPOINT WARNING * * *
You feel as though you will be slow longer.
The adder bites you.
* * * LOW HITPOINT WARNING * * *
You are poisoned.
The adder poisons you!
The hornet stings you but does no damage.
The adder bites you but does no damage.
You feel yourself speed up.
You feel sick. The hornet closely misses you. The adder misses you.
You riposte.
You miss the adder.
The adder is severely wounded.
The hornet stings you but does no damage.
The adder bites you but does no damage.
The hornet stings you but does no damage.
You are very lightly contaminated with residual magic.
You barely miss the hornet. You headbutt the hornet!
The hornet is severely wounded.
The hornet stings you!
You die...

##+#
##...#
##.....##
#.....y.##
.......@S#
.:.......+
.........#
#.......##
##.....##
##...#
##+#


You could see a hornet and an adder.

Vanquished Creatures
  Grinder (D:3)
  4 orc priests (D:3)
  Ijyb (D:3)
  4 gnolls
  4 adders
  2 river rats (D:3)
  2 oozes (D:2)
  3 worms
  A dart slug (D:3)
  2 leopard geckos
  16 orcs (D:3)
  3 ball pythons
  7 giant cockroaches
  4 goblins
  10 hobgoblins
  7 jackals
  6 kobolds
  A quokka (D:2)
  10 bats
  2 frilled lizards (D:2)
  13 rats
103 creatures vanquished.

Notes
Turn   | Place    | Note
-------+----------+-------------------------------------------
     0 | D:1      | Jynx the Minotaur Fighter began the quest for the Orb.
     0 | D:1      | Reached XP level 1. HP: 19/19 MP: 0/0
    27 | D:1      | Reached XP level 2. HP: 21/27 MP: 1/1
    60 | D:1      | Reached skill level 3 in Long Blades
   384 | D:1      | Reached XP level 3. HP: 9/33 MP: 2/2
  1237 | D:2      | Reached XP level 4. HP: 40/41 MP: 3/3
  1244 | D:2      | Found a white marble altar of Elyvilon.
  1247 | D:2      | Reached skill level 4 in Long Blades
  1666 | D:3      | Found a basalt altar of Yredelemnul.
  1721 | D:3      | Noticed Grinder
  2107 | D:3      | Killed Grinder
  2107 | D:3      | Reached skill level 5 in Fighting
  2107 | D:3      | Reached skill level 5 in Long Blades
  2107 | D:3      | Reached skill level 5 in Armour
  2107 | D:3      | Reached XP level 5. HP: 5/48 MP: 4/4
  2107 | D:3      | Reached XP level 6. HP: 6/56 MP: 5/5
  2471 | D:3      | Noticed Ijyb
  2483 | D:3      | Killed Ijyb
  2484 | D:3      | Reached skill level 6 in Long Blades
  2680 | D:3      | Reached XP level 7. HP: 35/62 MP: 6/6
  2858 | D:3      | You fall through a shaft for 2 floors!
  2858 | D:5      | Entered Level 5 of the Dungeon
  2927 | D:4      | Noticed Pikel
  3064 | D:3      | Noticed a hornet
  3068 | D:3      | Paralysed by a hornet for 2 turns
  3078 | D:4      | Paralysed by a hornet for 2 turns
  3082 | D:4      | Slain by a hornet

Skill      XL: |  1  2  3  4  5  6 |
---------------+-------------------+-----
Long Blades    | 3 5 6 |  6.9
Fighting       | 4 5 |  5.7
Armour         | 4 5 |  5.6
Shields        | |  3.6

Action                   |  1- 3 |  4- 6 |  7- 9 || total
-------------------------+-------+-------+-------++-------
Melee: Long sword        |    69 |   127 |    19 ||   215
       Headbutt          |    10 |    30 |     4 ||    44
  Use: Scroll            |     8 |     2 |       ||    10
       Potion            |       |       |     2 ||     2
  Eat: Chunk             |     1 |     5 |     1 ||     7
Armor: Scale mail        |    40 |   100 |    14 ||   154
Dodge: Dodged            |    49 |    85 |    13 ||   147
       Rpst.: Long sword |    17 |    21 |     5 ||    43
